 Dungeon Crawl Stone Soup version 0.30-a0-913-g9934a0ce24 (webtiles) character file.

Game seed: 9548410384988799817

77 selver the Shooter (level 4, 0/37 HPs)
             Began as a Minotaur Hunter on Mar 20, 2023.
             Killed by divine providence
             ... invoked by an orc priest
              (16 damage)
             ... on level 2 of the Dungeon.
             The game lasted 00:02:57 (991 turns).

selver the Shooter (Minotaur Hunter)                 Turns: 991, Time: 00:02:57

Health: 0/37       AC:  5    Str: 15    XL:     4   Next: 14%
Magic:  3/3        EV: 11    Int:  6    God:
Gold:   83         SH:  0    Dex: 16    Spells: 3/3 levels left

rFire   . . .      SeeInvis .    a - +0 shortbow
rCold   . . .      Faith    .    (shield currently unavailable)
rNeg    . . .      Spirit   .    d - +0 ring mail
rPois   .          Reflect  .    (helmet restricted)
rElec   .          Rampage  .    (no cloak)
rCorr   .                        (no gloves)
Will    .....                    (no boots)
Stlth   +                        (no amulet)
HPRegen 0.26/turn                (no ring)
MPRegen 0.08/turn                (no ring)

@: no status effects
A: horns 2, retaliatory headbutt
a: no special abilities


You were on level 2 of the Dungeon.
You visited 1 branch of the dungeon, and saw 2 of its levels.

You collected 83 gold pieces.

Inventory:

Hand Weapons
 a - a +0 shortbow (weapon)
Armour
 d - a +0 ring mail (worn)
Jewellery
 e - an amulet of guardian spirit
Scrolls
 b - 3 scrolls of immolation
 c - a scroll of identify {unknown}
 f - a scroll of silence {unknown}
 g - a scroll of amnesia {unknown}
 h - a scroll of magic mapping {unknown}
 i - a scroll of enchant weapon {unknown}


   Skills:
 - Level 2.4 Fighting
 + Level 6.3 Ranged Weapons
 - Level 2.1 Dodging
 - Level 0.7 Stealth


You had 3 spell levels left.
You didn't know any spells.
Your spell library was empty.

Dungeon Overview and Level Annotations

Branches:
Dungeon (2/15)

Altars:

Shops:
D:1 =


Innate Abilities, Weirdness & Mutations

You have a pair of horns on your head.
You reflexively headbutt those who attack you in melee.


Message History

The orc is almost dead.
The orc priest calls upon Beogh to heal the orc.
The orc is healed somewhat.
You shoot an arrow. The arrow hits the orc priest.
The orc priest is moderately wounded.
The orc priest looks braver for a moment.
An orc comes into view. It is wielding a +0 hand axe.
You shoot an arrow. The arrow closely misses the orc.
The orc shouts!
The orc priest calls down the wrath of Beogh upon you.
Beogh smites you!
An endoplasm comes into view.
The orc priest shouts!
You shoot an arrow. The endoplasm quivers.
The arrow hits the orc.
You kill the orc!
The orc priest looks satisfied for a moment.
You shoot an arrow. The arrow hits the orc.
The orc is lightly wounded.
You shoot an arrow. The arrow hits the orc!
You kill the orc!
You shoot an arrow.
The arrow completely misses the orc priest.
The orc priest invokes the aid of Beogh against you.
Beogh smites you!
The orc priest looks satisfied for a moment.
You are too injured to fight recklessly!
Unknown command.
The orc priest looks encouraged for a moment.
You are too injured to fight recklessly!
You aren't carrying any potions.
Fire: a) +0 shortbow
Press: ? - help, Q - select action Shift-Dir - straight line, f/p - orc priest
Aim: an orc priest, wielding a +0 war axe (moderately wounded, 64% to hit)
You shoot an arrow. The arrow hits the endoplasm!
You kill the endoplasm!
The orc priest calls down the wrath of Beogh upon you.
Beogh smites you!
You die...

#.).#.....#
....#.#....># #.#
#.......# . #
##......# #.
#......# ...
#......# .#..
#......#
!..†.######......#
...†)).o..@.######
.####.o.#####
###....# ####.# #


You could see 2 orc priests.

Vanquished Creatures
  3 adders (D:2)
  3 orcs (D:2)
  3 endoplasms
  2 giant cockroaches
  4 hobgoblins
  3 jackals (D:1)
  9 ball pythons
  7 bats
  A frilled lizard (D:1)
  4 goblins
  8 kobolds
  4 rats
51 creatures vanquished.

Notes
Turn   | Place    | Note
-------+----------+-------------------------------------------
     0 | D:1      | selver the Minotaur Hunter began the quest for the Orb.
     0 | D:1      | Reached XP level 1. HP: 18/18 MP: 0/0
    93 | D:1      | Reached XP level 2. HP: 25/25 MP: 1/1
    94 | D:1      | Reached skill level 5 in Ranged Weapons
   214 | D:1      | Found Bughef's Jewellery Shop.
   260 | D:1      | Found a faded altar of an unknown god.
   530 | D:1      | Reached XP level 3. HP: 30/30 MP: 2/2
   953 | D:2      | Reached skill level 6 in Ranged Weapons
   973 | D:2      | Reached XP level 4. HP: 37/37 MP: 3/3
   991 | D:2      | Killed from afar by an orc priest

Illustrated notes

Levels and vault maps discovered:
D:1:      ebering_trefoil_twist, layout_loops_ring,
          nicolae_ecumenical_snake_handling, serial_shops,
          nicolae_shop_hallway_stairs
D:2:      layout_rooms

Skill      XL: |  1  2  3 |
---------------+----------+-----
Ranged Weapons | 5 6 |  6.3
Fighting       | |  2.4
Dodging        | |  2.1
Stealth        | |  0.7

Action                     |  1- 3 |  4- 6 || total
---------------------------+-------+-------++-------
   Fire: Shortbow          |   109 |    14 ||   123
    Use: Potion            |     1 |       ||     1
 Armour: Ring mail         |    17 |       ||    17
  Dodge: Dodged            |    39 |       ||    39

Table legend: (Time is in decaauts)
 A = Elapsed time spent in this place.
 B = Non-inter-level travel time spent in this place.
 C = Inter-level travel time spent in this place.
 D = Time resting spent in this place.
 E = Time spent auto-exploring this place.
 F = Levels seen in this place.
 G = Mean time per level.
                   A        B        C        D        E       F      G
               +--------+--------+--------+--------+--------+-----+--------+
         Total |   1030 |   1012 |     18 |     34 |    645 |   2 |  515.0 |
       Dungeon |   1030 |   1012 |     18 |     34 |    645 |   2 |  515.0 |
               +--------+--------+--------+--------+--------+-----+--------+

Top non-repeatable levels by time:
     D:1: 806 daAuts
     D:2: 223 daAuts
